 Dungeon Crawl Stone Soup version 0.21-a0-364-gbd1fde4 (webtiles) character file.

32 JackS81 the Grave Robber (level 3, -2/24 HPs)
             Began as a Demonspawn Necromancer on Oct 14, 2017.
             Slain by an adder (3 damage)
             ... on level 2 of the Dungeon.
             The game lasted 00:05:21 (1335 turns).

JackS81 the Grave Robber (Demonspawn Necromancer)   Turns: 1335, Time: 00:05:22

Health: -2/24      AC:  2    Str:  8    XL:     3   Next: 10%
Magic:  6/6        EV: 17    Int: 17    God:
Gold:   16         SH:  0    Dex: 18    Spells: 5/6 levels left

rFire    . . .     SeeInvis .   d - +0 spear
rCold    + . .     Gourm    .   (no shield)
rNeg     . . .     Faith    .   a - +0 robe
rPois    .         Spirit   .   (no helmet)
rElec    .         Reflect  .   (no cloak)
rCorr    .         Harm     .   (no gloves)
MR       .....                  (no boots)
Stlth    +++.......             (no amulet)
HPRegen  0.08/turn              (no ring)
MPRegen  0.10/turn              (no ring)

@: agile, lethally poisoned (-2 -> -8)
A: claws 1, cold resistance 1
a: no special abilities


You were on level 2 of the Dungeon.
You were hungry.

You visited 1 branch of the dungeon, and saw 2 of its levels.

You collected 16 gold pieces.

Inventory:

Hand Weapons
 d - a +0 spear (weapon)
Missiles
 g - 12 poisoned needles
Armour
 a - a +0 robe (worn)
Scrolls
 e - 2 scrolls of fear {unknown}
 f - a scroll of remove curse {unknown}
Books
 b - a book of Necromancy

   Spells                             Type                      Level
   a - Pain                           Necromancy                   1
   b - Animate Skeleton               Necromancy                   1
   c - Vampiric Draining              Necromancy                   3
   d - Regeneration                   Charms/Necromancy            3
   e - Animate Dead                   Necromancy                   4
   f - Control Undead                 Necromancy                   4
Comestibles
 c - a bread ration
 h - 2 meat rations


   Skills:
 - Level 1.7 Dodging
 - Level 1.7 Stealth
 - Level 2.0 Spellcasting
 * Level 5.5 Necromancy


You had 5 spell levels left.
You knew the following spells:

 Your Spells              Type           Power        Failure   Level  Hunger
a - Pain                  Necr           ###.         1%          1    #......


Dungeon Overview and Level Annotations

Branches:
Dungeon (2/15)

Altars:


Innate Abilities, Weirdness & Mutations

You have sharp fingernails.
Your flesh is cold resistant. (rC+)


Message History

The adder is lightly wounded.
The adder bites you.
* * * LOW HITPOINT WARNING * * *
You barely miss the adder.
The adder is lightly wounded.
* * * LOW HITPOINT WARNING * * *
You feel sick. The adder bites you but does no damage.
You hit the adder but do no damage.
The adder is lightly wounded.
You are feeling hungry.
* * * LOW HITPOINT WARNING * * *
You feel sick. The adder closely misses you. x2
You miss the adder.
The adder is lightly wounded.
The adder closely misses you.
You hit the adder but do no damage.
The adder is lightly wounded.
* * * LOW HITPOINT WARNING * * *
You feel sick. The adder bites you.
You die...

#.#
#...........#..[
#.#
###########..###
#.# ##..#..
######.#########
#.....#
.................
#..#...
########...#####
#### #..####
#.#.# .... #..#
###.#####..###
#...
#...#.@S....# #.#
.#
......#...##..#.#
.. .. #####...#.#
.... .# ##.##.#
.... #. #.. ... #
#. #.## !. . #.
#.# . # #. #.# .#


You could see an adder.

Vanquished Creatures
  A dart slug (D:1)
  4 bats (D:1)
  6 giant cockroaches (D:1)
  3 goblins
  2 hobgoblins (D:1)
  5 kobolds (D:1)
  2 ball pythons (D:1)
  3 frilled lizards (D:1)
  3 rats
29 creatures vanquished.

Notes
Turn   | Place    | Note
-------+----------+-------------------------------------------
     0 | D:1      | JackS81 the Demonspawn Necromancer began the quest for the Orb.
     0 | D:1      | Reached XP level 1. HP: 13/13 MP: 3/3
   125 | D:1      | Gained mutation: You have sharp fingernails. [demonic ancestry]
   125 | D:1      | Reached XP level 2. HP: 8/19 MP: 5/5
   312 | D:1      | Reached skill level 5 in Necromancy
   922 | D:1      | Gained mutation: Your flesh is cold resistant. (rC+) [demonic ancestry]
   922 | D:1      | Reached XP level 3. HP: 19/24 MP: 6/6
  1335 | D:2      | HP: 1/24 [poisoned by an adder]
  1335 | D:2      | Slain by an adder

Vault maps used:
D:1:      dpeg_arrival_rooms_a, hangedman_decor_push, st_stairs_7
D:2:      grunt_dithmenos_smoke_and_mirrors, first_bread, minmay_misc_feat_tower

Skill      XL: |  1  2 |
---------------+-------+-----
Necromancy     | 5 |  5.5
Dodging        | |  1.7
Stealth        | |  1.7
Spellcasting   | |  2.0

Action                   || total
-------------------------++-------
Melee: Spear             ||   123
  Use: Potion            ||     1
 Stab: Sleeping          ||     1
  Eat: Chunk             ||     1
Armor: Robe              ||    25
Dodge: Dodged            ||    79

Table legend:
 A = Spawn XP
 B = Non-spawn XP
 C = Spawn XP percentage of total XP
 D = Spawn monster count
 E = Non-spawn monster count
 F = Spawn count percentage of total count
 G = Total turns spent on level
                    A         B        C        D         E        F      G
               +---------+---------+-------+---------+---------+-------+---------
         Total |       0 |      47 |   0.0 |       0 |      29 |   0.0 |  1335
               +---------+---------+-------+---------+---------+-------+---------
           D:1 |       0 |      44 |   0.0 |       0 |      27 |   0.0 |  1138
           D:2 |       0 |       3 |   0.0 |       0 |       2 |   0.0 |   197
               +---------+---------+-------+---------+---------+-------+---------
